 Dungeon Crawl Stone Soup version 0.28-a0-998-gb9e9c7b67e (webtiles) character file.

Game seed: 13184152177673824006

182 BinkBink the Covert (level 5, -2/28 HPs)
             Began as a Spriggan Delver on Dec 6, 2021.
             Killed from afar by an orc wizard (7 damage)
             ... with a magic dart
             ... on level 3 of the Dungeon.
             The game lasted 00:04:09 (862 turns).

BinkBink the Covert (Spriggan Delver)                Turns: 862, Time: 00:04:10

Health: -2/28      AC:  2    Str:  8    XL:     5   Next: 35%
Magic:  6/6        EV: 18    Int: 12    God:
Gold:   49         SH:  0    Dex: 18    Spells: 4/4 levels left

rFire   . . .      SeeInvis +   a - +0 short sword
rCold   . . .      Faith    .   (shield restricted)
rNeg    . . .      Spirit   .   b - +0 robe
rPois   .          Reflect  .   (helmet restricted)
rElec   .          Harm     .   (no cloak)
rCorr   .          Rampage  .   (gloves unavailable)
Will    .....                   (boots unavailable)
Stlth   +++++.....              (no amulet)
HPRegen 0.09/turn               (no ring)
MPRegen 0.10/turn               (no ring)

@: studying Long Blades, very quick
A: very small, no large weapons, unfitting armour, see invisible, speed 3
a: no special abilities


You were on level 3 of the Dungeon.
You visited 1 branch of the dungeon, and saw 3 of its levels.

You collected 49 gold pieces.

Inventory:

Hand Weapons
 a - a +0 short sword (weapon)
 k - a +1 falchion of electrocution
Armour
 b - a +0 robe (worn)
Wands
 g - a wand of digging (3)
Scrolls
 c - a scroll of fog
 d - a scroll of magic mapping
 e - a scroll of fear
 h - 4 scrolls of teleportation {unknown}
 i - a scroll of immolation {unknown}
 l - a scroll of summoning {unknown}
 m - a scroll of identify {unknown}
Potions
 f - a potion of haste
 j - a potion of heal wounds {unknown}
 n - a potion of resistance {unknown}


   Skills:
 + Level 2.9 Fighting
 + Level 2.5 Short Blades
 + Level 3.0 Dodging
 + Level 10.3 Stealth


You had 4 spell levels left.
You didn't know any spells.
Your spell library was empty.

Dungeon Overview and Level Annotations

Branches:
Dungeon (5/15)
 Temple: D:4-7

Altars:
Dithmenos
Vehumet

Annotations:
D:3 Ijyb
D:4 Eustachio, Robin
D:5 Edmund


Innate Abilities, Weirdness & Mutations

You are very small and have problems with some larger weapons.
You are too small for most types of armour.
You have supernaturally acute eyesight. (SInv)
You cover ground extremely quickly. (Speed+++)


Message History

No target in view!
Found a stone staircase leading up.
Things that are here:
a +0 dagger; a goblin corpse
There is a stone staircase leading up here.
m - a scroll labelled HICROL ANOANO A rat comes into view.
Ijyb the Twisted Goblin comes into view.
She is wielding a +0 club and carrying a wand of flame (18).
The helpless rat fails to defend itself.
You stick the rat like a pincushion!!!
You kill the rat!
Ijyb shouts!
Ijyb zaps a wand.
The puff of flame hits you!
Found a ring mail.
There is a shaft here.
Found a golden potion.
An orc comes into view. It is wielding a +0 club.
n - a golden potion An orc comes into view.
It is wielding a +0 hand axe.
An orc wizard comes into view. It is wielding a +0 dagger.
The helpless orc fails to defend itself.
You stick the orc like a pincushion!!!
You kill the orc!
You see here a +0 club.
The helpless orc fails to defend itself.
You impale the orc!!
You kill the orc!
The orc wizard shouts!
You hear a shout! x2
The orc wizard points at you and mumbles some strange words.
The puff of flame hits you!
An orc and an orc priest come into view.
Things that are here:
a +0 hand axe; a +0 leather armour You see here a +0 club.
The orc wizard gestures at you while chanting.
The puff of flame hits you!
* * * LOW HITPOINT WARNING * * *
The orc wizard gestures at you while chanting.
The magic dart hits you!
You die...

#########
#...@...###########
#.###.............#
#.#.....#####..
###.......# .#
#......o..# o# #
#.#.....o.# .#
#.#.#.......#####.#
#.#.###........)o.#
#.......####.######


You could see an orc wizard and an orc.

Vanquished Creatures
  A sky beast (D:5)
  A scorpion (D:5)
  2 hound skeletons (D:5)
  An adder (D:3)
  2 orcs (D:3)
  A goblin (D:3)
  A rat (D:3)
9 creatures vanquished.

Notes
Turn   | Place    | Note
-------+----------+-------------------------------------------
     0 | D:5      | BinkBink the Spriggan Delver began the quest for the Orb.
     0 | D:5      | Reached XP level 1. HP: 11/11 MP: 2/2
    37 | D:5      | Noticed an ogre
    38 | D:5      | Found a radiant altar of Vehumet.
    53 | D:5      | Found a shadowy altar of Dithmenos.
    78 | D:5      | Reached XP level 2. HP: 16/16 MP: 3/3
   266 | D:5      | Noticed a scorpion
   268 | D:5      | Killed a scorpion
   269 | D:5      | Reached skill level 9 in Stealth
   269 | D:5      | Reached XP level 3. HP: 19/19 MP: 4/4
   269 | D:5      | Reached XP level 4. HP: 23/23 MP: 5/5
   312 | D:5      | Noticed a sky beast
   316 | D:5      | Killed a sky beast
   317 | D:5      | Reached skill level 10 in Stealth
   317 | D:5      | Reached XP level 5. HP: 28/28 MP: 6/6
   372 | D:5      | Noticed Edmund
   538 | D:4      | Noticed Eustachio
   538 | D:4      | Noticed Robin
   800 | D:3      | Noticed Ijyb
   862 | D:3      | Killed from afar by an orc wizard

Illustrated notes

Levels and vault maps discovered:
D:3:      layout_loops_corners, uniq_ijyb
D:4:      layout_basic, uniq_eustachio, uniq_crazy_yiuf_cottage, uniq_robin
D:5:      layout_loops_corners, vehumet_crystals,
          nicolae_dithmenos_the_darkroom, minmay_manual_maat, uniq_edmund

Skill      XL: |  1  2  3  4 |
---------------+-------------+-----
Stealth        | 9 10 | 10.3
Dodging        | 3 |  3.0
Fighting       | |  2.9
Short Blades   | |  2.5

Action                   |  1- 3 |  4- 6 || total
-------------------------+-------+-------++-------
Melee: Short sword       |     3 |    11 ||    14
 Stab: Sleeping          |     3 |     8 ||    11
Armor: Robe              |       |     1 ||     1
Dodge: Dodged            |     1 |     2 ||     3

Table legend: (Time is in decaauts)
 A = Elapsed time spent in this place.
 B = Non-inter-level travel time spent in this place.
 C = Inter-level travel time spent in this place.
 D = Time resting spent in this place.
 E = Time spent auto-exploring this place.
 F = Levels seen in this place.
 G = Mean time per level.
                   A        B        C        D        E       F      G
               +--------+--------+--------+--------+--------+-----+--------+
         Total |    577 |    548 |     29 |      0 |    179 |   3 |  192.3 |
       Dungeon |    577 |    548 |     29 |      0 |    179 |   3 |  192.3 |
               +--------+--------+--------+--------+--------+-----+--------+

Top non-repeatable levels by time:
     D:5: 332 daAuts
     D:3: 232 daAuts
     D:4: 11 daAuts
